 Dungeon Crawl Stone Soup version 0.17.0-24-gcfadda4 (console) character file.

18 gw the Caller (level 2, 0/20 HPs)
             Began as a Human Summoner on Nov 17, 2015.
             Succumbed to a goblin's poison
             ... on level 1 of the Dungeon.
             The game lasted 00:01:04 (578 turns).

gw the Caller (Human Summoner)                       Turns: 578, Time: 00:01:04

Health: 0/20       AC:  2    Str:  8    XL:     2   Next: 90%
Magic:  1/5        EV: 12    Int: 15    God:
Gold:   0          SH:  0    Dex: 13    Spells: 1 memorised, 4 levels left

rFire  . . .     SeeInvis .     b - +0 whip
rCold  . . .     Clarity  .     a - +0 robe
rNeg   . . .     SustAt   .     (no shield)
rPois  .         Gourm    .     (no helmet)
rElec  .         Spirit   .     (no cloak)
rCorr  .         Warding  .     (no gloves)
rMut   .         Stasis   .     (no boots)
MR     .....                    (no amulet)
Stlth  ++........               (no ring)
                                (no ring)

@: lethally poisoned (0 -> -14), not resistant to hostile enchantments,
unstealthy
A: no striking features
a: no special abilities


You were on level 1 of the Dungeon.
You were full.

You visited 1 branch of the dungeon, and saw 1 of its levels.

Inventory:

Hand Weapons
 b - a +0 whip (weapon)
Missiles
 i - 7 needles of sleeping
Armour
 a - a +0 robe (worn)
Scrolls
 c - a scroll of magic mapping {unknown}
 h - a scroll of remove curse {unknown}
Books
 e - a book of Callings

   Spells                             Type                      Level
   a - Summon Small Mammal            Summoning                    1
   b - Call Imp                       Summoning                    2
   c - Call Canine Familiar           Summoning                    3
   d - Summon Guardian Golem          Hexes/Summoning              3
   e - Summon Lightning Spire         Summoning/Air                4
   f - Summon Ice Beast               Ice/Summoning                4
Comestibles
 d - a slice of pizza
 f - a meat ration
 g - a beef jerky


   Skills:
 + Level 0.8 Fighting
 * Level 0.4 Maces & Flails
 + Level 0.6 Throwing
 + Level 1.5 Armour
 - Level 2.0 Dodging
 - Level 2.0 Stealth
 - Level 2.0 Spellcasting
 - Level 4.0 Summonings


You had 4 spell levels left.
You knew the following spells:

 Your Spells              Type           Power        Failure   Level  Hunger
a - Summon Small Mammal   Summ           ##..         4%          1    #......


Dungeon Overview and Level Annotations

Branches:
Dungeon (1/15)

Altars:


Message History

You hit the hobgoblin.
You kill the hobgoblin!
You feel sick.
Your bat closely misses the kobold.
The kobold closely misses you.
ATTACK MOVE TO (0,1)
You closely miss the kobold.
The kobold is moderately wounded.
You feel sick. The kobold barely misses you.
Your bat closely misses the kobold.
Your rat barely misses the kobold. x2
ATTACK MOVE TO (0,1)
You hit the kobold.
You kill the kobold!
You feel sick.
ATTACKING (0,1)
You swing at nothing.
You feel sick.
ATTACKING (0,1)
You swing at nothing.
You feel sick.
ATTACKING (0,1)
You swing at nothing.
You die...

##.......#.##.........
#......###.#.....P..P.
#.....## #...~~~~~~~~P
#...>####...P~~~~~~.~~
#..........7~~~~~~~%~~
#...%##(...7~.~~~~%~.~
#....##.###...P~~~~~%P
###...%#(.# ##P~~.~~~.P.
......rpb## ........P..#
P.....r)..?.............
~P.....###....##########
~.~#.## .#### ~~~P. #
~~~. ~.~ ~~~


You could see a friendly bat and 2 friendly rats.

Table legend:
 A = Turns spent in this place as a percentage of turns spent in the entire game.
 B = Non-inter-level travel turns spent in this place as a percentage of non-inter-level travel turns spent in the entire game.
 C = Inter-level travel turns spent in this place as a percentage of turns spent in this place.
 D = Turns resting spent in this place as a percentage of non-inter-level travel turns spent in this place.
 E = Turns spent auto-exploring this place as a percentage of non-inter-level travel turns spent in this place.
 F = Non-inter-level travel turns spent in this place divided by the number of levels of this place that you've seen.
                   A       B       C       D       E      F
               +-------+-------+-------+-------+-------+----------------------
         Total | 100.0 | 100.0 |   0.0 |   1.4 |   2.3 | 1176.0
       Dungeon | 100.0 | 100.0 |   0.0 |   1.4 |   2.3 | 1176.0
               +-------+-------+-------+-------+-------+----------------------

Table legend:
 A = Kills in this place as a percentage of kills in entire the game.
 B = Kills by you in this place as a percentage of kills by you in the entire game.
 C = Kills by friends in this place as a percentage of kills by friends in the entire game.
 D = Other kills in this place as a percentage of other kills in the entire game.
 E = Experience gained in this place as a percentage of experience gained in the entire game.
 F = Experience gained in this place divided by the number of levels of this place that you have seen.
                   A       B       C       D       E      F
               +-------+-------+-------+-------+-------+----------------------
         Total | 100.0 | 100.0 | 100.0 |  -nan | 100.0 |  27.0
       Dungeon | 100.0 | 100.0 | 100.0 |  -nan | 100.0 |  27.0
               +-------+-------+-------+-------+-------+----------------------

Vanquished Creatures
  2 goblins (D:1)
  A hobgoblin (D:1)
  A kobold (D:1)
  A giant cockroach (D:1)
  A giant newt (D:1)
  A rat (D:1)
7 creatures vanquished.

Vanquished Creatures (collateral kills)
  A ball python (D:1)
  3 hobgoblins (D:1)
  2 bats (D:1)
  A giant newt (D:1)
  3 goblins (D:1)
  3 kobolds (D:1)
  2 rats (D:1)
15 creatures vanquished.

Grand Total: 22 creatures vanquished

Notes
Turn   | Place    | Note
--------------------------------------------------------------
     0 | D:1      | gw the Human Summoner began the quest for the Orb.
     0 | D:1      | Reached XP level 1. HP: 13/13 MP: 3/3
   226 | D:1      | Reached skill level 1 in Armour
   273 | D:1      | Reached XP level 2. HP: 17/20 MP: 0/5
   577 | D:1      | HP: 1/20 [poisoned by a goblin]
   578 | D:1      | Succumbed to a goblin's poison

Action                   || total
-------------------------++-------
Melee: Club              ||    11
       Whip              ||    11
Throw: Stone             ||     2
 Cast: Summon Small Mamm ||    32
  Eat: Bread ration      ||     1

Vault maps used:
D:1:      lightli_arrival_isolated_outpost, serial_bayou, serial_bayou_pond_b,
          serial_bayou_pond_e, serial_bayou_pond_b, serial_bayou_shore_a
